 Dungeon Crawl Stone Soup version 0.30-a0-743-gbfdf073431 (webtiles) character file.

Game seed: 10780972174220771475

2140 hikkokomori the Ruffian (level 9, -2/68 HPs)
             Began as a Gnoll Wanderer on Feb 6, 2023.
             Was a Believer of Okawaru.
             Slain by an orc warrior
             ... wielding a +0 halberd
              (11 damage)
             ... on level 8 of the Dungeon.
             The game lasted 00:10:15 (6987 turns).

hikkokomori the Ruffian (Gnoll Wanderer)            Turns: 6987, Time: 00:10:15

Health: -2/68      AC: 15    Str: 23    XL:     9   Next: 30%
Magic:  19/19      EV: 12    Int: 10    God:    Okawaru [**....]
Gold:   364        SH:  0    Dex: 14    Spells: 16/21 levels left

rFire   + . .      SeeInvis +      - Unarmed
rCold   . . .      Faith    .    (no shield)
rNeg    . . .      Spirit   .    k - +0 ring mail
rPois   .          Reflect  .    (no helmet)
rElec   .          Harm     .    w - +0 cloak
rCorr   .          Rampage  .    v - +0 pair of gloves
Will    .....      NoTele   +    o - +1 pair of boots of Curiosity {-Tele rF+ Str+4 Dex+4}
Stlth   ++                       (no amulet)
HPRegen 0.31/turn                x - ring of see invisible
MPRegen 0.16/turn                E - +4 ring of protection

@: no status effects
A: fangs 1, strong nose, distributed training
a: Renounce Religion, Heroism


You were on level 8 of the Dungeon.
You worshipped Okawaru.
Okawaru was pleased with you.
You visited 2 branches of the dungeon, and saw 9 of its levels.
You also visited: Sewer.

You collected 364 gold pieces.

Inventory:

Hand Weapons
 a - a +1 club
 n - the +4 dagger "Hequ" {venom, rC- rN+++ Will+++ Stlth-}
   (You found it on level 2 of the Dungeon)

   rC:        It makes you vulnerable to cold.
   rN:        It renders you almost immune to negative energy.
   Will:      It greatly increases your willpower.
   Stlth:     It makes you less stealthy.
 C - the +0 falchion of the Beast {flame, Int+3}
   (You found it in a sewer)

   Int:       It affects your intelligence (+3).
Armour
 c - a +0 leather armour
 k - a +0 ring mail (worn)
 o - the +1 pair of boots of Curiosity (worn) {-Tele rF+ Str+4 Dex+4}
   (You found it on level 2 of the Dungeon)

   Str:       It affects your strength (+4).
   Dex:       It affects your dexterity (+4).
   rF:        It protects you from fire.
   -Tele:     It prevents most forms of teleportation.
 v - a +0 pair of gloves (worn)
 w - a +0 cloak (worn)
 B - a +0 plate armour
Magical Staves
 h - a staff of conjuration
Jewellery
 x - a ring of see invisible (left hand)
 D - a ring of ice
 E - a +4 ring of protection (right hand)
 F - a ring of willpower
 H - a ring of fire
Wands
 J - a wand of digging (4)
 N - a wand of light (7)
Scrolls
 b - 2 scrolls of fog
 d - 6 scrolls of fear
 i - a scroll of torment {unknown}
 j - a scroll of blinking {unknown}
 l - 3 scrolls of amnesia {unknown}
 m - a scroll of enchant weapon
 p - 3 scrolls of teleportation
 q - a scroll of immolation
 y - a scroll of vulnerability
 G - a scroll of noise {unknown}
 K - 2 scrolls of enchant armour {unknown}
 M - a scroll of identify
Potions
 e - 6 potions of curing
 f - 4 potions of flight
 g - 5 potions of heal wounds {unknown}
 r - 2 potions of resistance
 s - 3 potions of haste {unknown}
 t - 5 potions of attraction
 u - 5 potions of might {unknown}
 z - 5 potions of mutation
 A - a potion of magic {unknown}
 I - a potion of cancellation
 L - a potion of brilliance {unknown}


   Skills:
 + Level 5.0 Fighting
 + Level 4.2 Short Blades
 + Level 4.2 Long Blades
 + Level 4.2 Axes
 + Level 4.2 Maces & Flails
 + Level 4.2 Polearms
 + Level 4.2 Staves
 + Level 4.2 Ranged Weapons
 + Level 4.2 Throwing
 + Level 6.3 Armour
 + Level 4.2 Dodging
 + Level 4.2 Stealth
 + Level 4.2 Shields
 + Level 7.9 Unarmed Combat
 + Level 6.6 Spellcasting
 + Level 3.5 Conjurations
 + Level 3.5 Hexes
 + Level 3.5 Summonings
 + Level 3.5 Necromancy
 + Level 3.5 Translocations
 + Level 3.5 Transmutations
 + Level 3.5 Fire Magic
 + Level 5.2 Ice Magic
 + Level 3.5 Air Magic
 + Level 3.5 Earth Magic
 + Level 3.5 Poison Magic
 + Level 4.7 Invocations
 + Level 4.2 Evocations


You had 16 spell levels left.
You knew the following spells:

 Your Spells              Type           Power      Damage    Failure   Level
a - Freeze                Ice            52%        1d6       3%          1
b - Passwall              Tmut/Erth      8%         N/A       11%         2
c - Ensorcelled Hibernat  Hex/Ice        24%        N/A       8%          2

Your spell library contained the following spells:

 Spells                   Type           Power      Damage    Failure   Level
 Foxfire                  Conj/Fire      40%        2x1d6     7%          1
 Kiss of Death            Conj/Necr      40%        2d8       7%          1
 Magic Dart               Conj           40%        1d5       7%          1
 Frozen Ramparts          Ice            26%        1d4       10%         3
 Searing Ray              Conj           20%        2d5       11%         2
 Confusing Touch          Hex            10%        N/A       21%         3
 Spider Form              Tmut/Pois      10%        N/A       21%         3
 Swiftness                Air            10%        N/A       21%         3
 Anguish                  Hex/Necr       5%         N/A       56%         4
 Cause Fear               Hex            5%         N/A       56%         4
 Dispel Undead            Necr           10%        3d9       56%         4
 Fulminant Prism          Conj/Hex       5%         3d7       56%         4
 Fireball                 Conj/Fire      5%         3d5       88%         5
 Starburst                Conj/Fire      5%         6d4       100%        6
 Dragon Form              Tmut           5%         N/A       100%        7
 Dragon's Call            Summ           Unusable   N/A       N/A         9

Dungeon Overview and Level Annotations

Branches:
Dungeon (8/15)             Temple (1/1) D:4            Lair (0/5) D:8
  Sewer (visited)

Altars:
Ashenzari
Cheibriados
Dithmenos
Elyvilon
Fedhas
Hepliaklqana
Kikubaaqudgha
Makhleb
Okawaru
Qazlal
Trog
Uskayaw
Wu Jian
Xom
Zin
The Shining One

Shops:
D:2 (   D:5 *:[


Innate Abilities, Weirdness & Mutations

You have very sharp teeth.
Your uncanny sense of smell can sniff out nearby items.
Your experience applies equally to all skills.


Message History

You barely miss the orc wizard.
The orc wizard is heavily wounded.
The warg bites you. The orc wizard casts a spell at you.
You are confused.
The orc warrior unwields a +0 flail.
The orc warrior wields a +0 arbalest.
The orc warrior shoots a bolt.
The bolt hits the orc wizard.
The orc warrior hits you from afar with a +0 halberd!
You closely miss the orc wizard.
The orc wizard is heavily wounded.
The warg bites you but does no damage. The warg bites you.
The orc warrior completely misses you.
The orc wizard hits you but does no damage.
The orc priest mumbles some strange prayers to Beogh against you.
Beogh smites you!
* * * LOW HITPOINT WARNING * * *
You bump into the rock wall.
The yak bellows!
The warg bites you.
* * * LOW HITPOINT WARNING * * *
The orc wizard misses you.
The orc warrior hits you from afar with a +0 halberd!
* * * LOW HITPOINT WARNING * * *
The orc priest calls upon Beogh to heal the orc warrior.
The orc warrior is healed somewhat.
You hit the orc wizard but do no damage.
Your bite misses the orc wizard.
The orc wizard is heavily wounded.
The warg closely misses you.
Unknown command.
The orc wizard attacks as you move away!
The orc wizard hits you but does no damage.
The yak bellows!
The warg closely misses you. The orc warrior completely misses you.
The warg bites you.
* * * LOW HITPOINT WARNING * * *
You feel better.
The yak is no longer blind.
The orc wizard hits you but does no damage.
The orc warrior hits you from afar with a +0 halberd!
You die... ..o..Y. oYY)>..
Yh.oo..

####oY....P
######..o#
#........#
.##.#o.##
###.##.#h.#
.......@o.# #
.##.##.#..#####.#
.##.#<.......##.
#................
.....##..###..##.
####. #..# .# #.
#..# ..#
#.##..###..##.#
#..........##.###


You could see 3 yaks, 2 wargs, 2 orc warriors, an orc priest and an orc wizard
(invisible).

Vanquished Creatures
  A water moccasin (D:7)
  2 orc warriors
  An ice beast (D:5)
  3 black bears
  An ogre (D:6)
  2 kobold brigands
  A phantom (D:6)
  Blork the orc (D:4)
  3 scorpions (D:6)
  3 necrophages
  A killer bee (D:4)
  2 howler monkeys (D:7)
  3 hounds
  A quasit (D:5)
  Crazy Yiuf (D:2)
  4 orc priests
  2 orc wizards
  An iguana (D:7)
  A mummy (D:7)
  9 adders
  4 shadow imps (D:5)
  2 white imps (D:5)
  3 ufetubi (D:5)
  3 dart slugs
  13 orcs
  13 ball pythons
  10 bats
  8 endoplasms
  11 giant cockroaches
  7 goblins
  5 hobgoblins
  6 jackals
  4 quokkas
  6 frilled lizards
  A goblin zombie (D:7)
  A hobgoblin zombie (D:7)
  26 kobolds
  10 rats
176 creatures vanquished.

Vanquished Creatures (others)
  A fungus (Sewer)
  A plant (Sewer)
2 creatures vanquished.

Grand Total: 178 creatures vanquished

Notes
Turn   | Place    | Note
-------+----------+-------------------------------------------
     0 | D:1      | hikkokomori the Gnoll Wanderer began the quest for the Orb.
     0 | D:1      | hikkokomori set off with the following items: a +0 club, a
                  | scroll of fog, a +0 leather armour, 3 scrolls of fear; and
                  | the following spell memorised: Freeze; and the following
                  | spells available to memorise: Frozen Ramparts.
     0 | D:1      | Reached XP level 1. HP: 17/17 MP: 6/6
   176 | D:1      | Reached XP level 2. HP: 23/23 MP: 7/7
   324 | D:1      | Reached skill level 5 in Spellcasting
   324 | D:1      | Reached XP level 3. HP: 28/28 MP: 7/9
   545 | D:1      | Found a faded altar of an unknown god.
   709 | D:2      | Reached skill level 1 in Invocations
   744 | D:2      | Identified the +4 dagger "Hequ" {venom, rC- rN+++ Will+++
                  | Stlth-}
   779 | D:2      | Identified the +1 pair of boots of Curiosity {-Tele rF+
                  | Str+4 Dex+4}
   817 | D:2      | Reached skill level 1 in Short Blades
   817 | D:2      | Reached skill level 1 in Long Blades
   817 | D:2      | Reached skill level 1 in Axes
   817 | D:2      | Reached skill level 1 in Maces & Flails
   817 | D:2      | Reached skill level 1 in Polearms
   817 | D:2      | Reached skill level 1 in Staves
   817 | D:2      | Reached skill level 1 in Ranged Weapons
   817 | D:2      | Reached skill level 1 in Throwing
   817 | D:2      | Reached skill level 1 in Dodging
   817 | D:2      | Reached skill level 1 in Stealth
   817 | D:2      | Reached skill level 1 in Shields
   817 | D:2      | Reached skill level 1 in Evocations
   828 | D:2      | Reached XP level 4. HP: 31/34 MP: 11/11
  1033 | D:2      | Reached skill level 1 in Conjurations
  1033 | D:2      | Reached skill level 1 in Hexes
  1033 | D:2      | Reached skill level 1 in Summonings
  1033 | D:2      | Reached skill level 1 in Necromancy
  1033 | D:2      | Reached skill level 1 in Translocations
  1033 | D:2      | Reached skill level 1 in Transmutations
  1033 | D:2      | Reached skill level 1 in Fire Magic
  1033 | D:2      | Reached skill level 1 in Air Magic
  1033 | D:2      | Reached skill level 1 in Earth Magic
  1033 | D:2      | Reached skill level 1 in Poison Magic
  1091 | D:2      | Found Miaz's Antique Weapon Shop.
  1185 | D:2      | Found a runed translucent door.
  1186 | D:2      | Noticed Crazy Yiuf
  1668 | D:2      | Killed Crazy Yiuf
  1669 | D:2      | Reached XP level 5. HP: 28/40 MP: 12/12
  2582 | D:4      | Found a glowing drain.
  2587 | Sewer    | Entered a sewer
  2618 | Sewer    | Noticed a kobold brigand
  2632 | Sewer    | Killed a kobold brigand
  2633 | Sewer    | Reached skill level 5 in Armour
  2633 | Sewer    | Reached XP level 6. HP: 36/47 MP: 14/14
  2862 | Sewer    | Identified the +0 falchion of the Beast {flame, Int+3}
  3159 | D:4      | Found a bloodstained altar of Trog.
  3197 | D:4      | Noticed a black bear
  3205 | D:4      | Killed a black bear
  3206 | D:4      | Reached skill level 7 in Unarmed Combat
  3206 | D:4      | Reached XP level 7. HP: 52/52 MP: 15/15
  3210 | D:4      | Noticed Blork the orc
  3223 | D:4      | Killed Blork the orc
  3271 | D:4      | Found a staircase to the Ecumenical Temple.
  3285 | Temple   | Entered the Ecumenical Temple
  3356 | Temple   | Became a worshipper of Warmaster Okawaru
  3565 | D:4      | Found a glowing silver altar of Zin.
  3634 | D:4      | Found a blossoming altar of Fedhas.
  3705 | D:5      | Entered Level 5 of the Dungeon
  3710 | D:5      | Found a hazy altar of Hepliaklqana.
  3812 | D:5      | Found Ipsotz's Book Boutique.
  3979 | D:5      | Found a hide-covered altar of Uskayaw.
  4192 | D:5      | Found Soerats's Armour Boutique.
  4213 | D:5      | Found Dakax's Assorted Antiques.
  4372 | D:5      | Reached XP level 8. HP: 25/60 MP: 16/16
  4513 | D:5      | Learned a level 2 spell: Passwall
  4654 | D:6      | Reached * piety under Okawaru
  4758 | D:6      | Learned a level 2 spell: Ensorcelled Hibernation
  4942 | D:6      | Found a burning altar of Makhleb.
  5510 | D:6      | Reached skill level 5 in Ice Magic
  5789 | D:7      | Reached XP level 9. HP: 41/67 MP: 18/18
  6114 | D:7      | Reached skill level 5 in Fighting
  6896 | D:7      | Reached ** piety under Okawaru
  6972 | D:8      | Found a staircase to the Lair.
  6984 | D:8      | HP: 3/68 [orc warrior/+0 halberd (9)]
  6986 | D:8      | HP: 1/68 [warg (3)]
  6987 | D:8      | Slain by an orc warrior

Illustrated notes

Levels and vault maps discovered:
D:1:      mrwooster_arrival_statue, layout_loops_ring,
          chequers_ecumenical_altar_island, minmay_worlds_worst_comb
D:2:      minmay_chambers_of_ones, layout_rooms, serial_shops,
          nicolae_shop_statue_plus, uniq_crazy_yiuf_cottage
D:3:      layout_loops_cross
D:4:      layout_cave_pools, mainiacjoe_overflow_24_doors, trog_ov_bears_minmay,
          mainiacjoe_overflow_paths, minmay_temple_entry_steel_oval,
          portal_sewer_entry_e, serial_column_ruins, column_ruins_hut_pillars,
          column_ruins_grid_4, column_ruins_open_tiny,
          column_ruins_corridor_straight, column_ruins_open_tiny,
          column_ruins_columns_straight, minmay_cupped, uniq_blork_the_orc
D:5:      layout_loops_cross, nicolae_uskayaw_dance_hall,
          mainiacjoe_overflow_concentric_impassable, serial_demonic,
          serial_demonic_e, serial_demonic_g, serial_demonic_b,
          serial_demonic_d, serial_demonic_b, serial_demonic_c,
          serial_demonic_d, serial_demonic_d, serial_demonic_c,
          serial_demonic_g, serial_shops, nicolae_take_the_stairs, shop, shop,
          serial_bayou_pond_b
D:6:      layout_basic, mainiacjoe_overflow_alcove_1
D:7:      layout_basic, nicolae_ossuary_entry_giza
D:8:      layout_loops_ring, nicolae_overflow_hallway_of_the_gods,
          erik_lair_orcish_takeover, minivault_22,
          dilly_guarded_unrand_throatcut
Temple:   eino_wide_crystal_templ

Skill      XL: |  1  2  3  4  5  6  7  8  9 |
---------------+----------------------------+-----
Spellcasting   | 5 6 |  6.6
Invocations    | 1 2 3 4 |  4.7
Short Blades   | 1 2 3 4 |  4.2
Long Blades    | 1 2 3 4 |  4.2
Axes           | 1 2 3 4 |  4.2
Maces & Flails | 1 2 3 4 |  4.2
Polearms       | 1 2 3 4 |  4.2
Staves         | 1 2 3 4 |  4.2
Ranged Weapons | 1 2 3 4 |  4.2
Throwing       | 1 2 3 4 |  4.2
Dodging        | 1 2 3 4 |  4.2
Stealth        | 1 2 3 4 |  4.2
Shields        | 1 2 3 4 |  4.2
Evocations     | 1 2 3 4 |  4.2
Conjurations   | 1 2 3 |  3.5
Hexes          | 1 2 3 |  3.5
Summonings     | 1 2 3 |  3.5
Necromancy     | 1 2 3 |  3.5
Translocations | 1 2 3 |  3.5
Transmutations | 1 2 3 |  3.5
Fire Magic     | 1 2 3 |  3.5
Air Magic      | 1 2 3 |  3.5
Earth Magic    | 1 2 3 |  3.5
Poison Magic   | 1 2 3 |  3.5
Fighting       | 3 4 5 |  5.0
Ice Magic      | 4 5 |  5.2
Armour         | 5 6 |  6.3
Unarmed Combat | 7 |  7.9

Action                     |  1- 3 |  4- 6 |  7- 9 || total
---------------------------+-------+-------+-------++-------
  Melee: Unarmed           |    70 |   258 |   309 ||   637
         Bite              |     3 |    20 |    35 ||    58
         Punch             |     1 |     7 |    12 ||    20
   Cast: Ensorcelled Hiber |       |       |     4 ||     4
 Invoke: Heroism           |       |       |     1 ||     1
  Evoke: Wand              |       |       |     1 ||     1
    Use: Scroll            |       |     7 |     4 ||    11
         Potion            |       |       |     1 ||     1
   Stab: Sleeping          |       |     4 |     4 ||     8
         Distracted        |       |       |     1 ||     1
 Armour: Leather armour    |     6 |       |       ||     6
         Ring mail         |    11 |   113 |   163 ||   287
  Dodge: Dodged            |    30 |   141 |   190 ||   361

Table legend: (Time is in decaauts)
 A = Elapsed time spent in this place.
 B = Non-inter-level travel time spent in this place.
 C = Inter-level travel time spent in this place.
 D = Time resting spent in this place.
 E = Time spent auto-exploring this place.
 F = Levels seen in this place.
 G = Mean time per level.
                   A        B        C        D        E       F      G
               +--------+--------+--------+--------+--------+-----+--------+
         Total |   6934 |   6637 |    297 |     57 |   5259 |  10 |  693.4 |
       Dungeon |   6564 |   6294 |    270 |     57 |   5055 |   8 |  820.5 |
        Temple |     78 |     51 |     27 |      0 |     44 |   1 |   78.0 |
         Sewer |    291 |    291 |      0 |      0 |    159 |   1 |  291.0 |
               +--------+--------+--------+--------+--------+-----+--------+

Top non-repeatable levels by time:
     D:7: 1160 daAuts
     D:6: 1078 daAuts
     D:2: 1078 daAuts
     D:5: 920 daAuts
     D:4: 828 daAuts
     D:3: 714 daAuts
     D:1: 698 daAuts
   Sewer: 291 daAuts
     D:8: 84 daAuts
  Temple: 78 daAuts
